 Dungeon Crawl Stone Soup version 0.28-a0-445-g51f8dfeb47 (webtiles) character file.

Game seed: 14344422498965328938

34694 Gargoyl the Fighter (level 13, -2/114 HPs)
             Began as a Gnoll Abyssal Knight on Sept 12, 2021.
             Was a High Priest of Lugonu.
             Slain by a sphinx (4 damage)
             ... summoned by Kirke
             ... on level 4 of the Lair of Beasts.
             The game lasted 00:26:51 (14810 turns).

Gargoyl the Fighter (Gnoll Abyssal Knight)         Turns: 14810, Time: 00:26:52

Health: -2/114     AC: 28    Str: 22    XL:     13   Next: 79%
Magic:  27/34      EV:  9    Int: 10    God:    Lugonu [*****.]
Gold:   696        SH: 11    Dex: 14    Spells: 29/29 levels left

rFire   . . .      SeeInvis .   a - +4 hand axe (flame)
rCold   + . .      Faith    .   E - +0 kite shield
rNeg    + + .      Spirit   .   c - +3 plate armour {rPois}
rPois   +          Reflect  .   p - +2 hat {Will+}
rElec   .          Harm     .   z - +1 cloak
rCorr   .          Rampage  .   O - +2 pair of gloves
Will    +....                   t - +2 pair of boots
Stlth   ..........              d - amulet of regeneration
HPRegen 1.29/turn               m - +6 ring of strength
MPRegen 0.24/turn               i - ring "Gor Pufo" {Fly rN++ MP+9 Int-2 Dex+2}

@: flying, slowed, very slow
A: fangs 1, strong nose, distributed training, cold resistance 1, robust 1
a: Renounce Religion, Depart the Abyss, Bend Space, Banish, Corrupt, Enter the
Abyss


You were on level 4 of the Lair of Beasts.
You worshipped Lugonu.
Lugonu was extremely pleased with you.
You visited 2 branches of the dungeon, and saw 15 of its levels.
You visited the Abyss 1 time.
You also visited: Ossuary.

You collected 766 gold pieces.
You spent 70 gold pieces at shops.

Inventory:

Hand Weapons
 a - a +4 hand axe of flaming (weapon)
 o - a +2 dagger of venom
Missiles
 e - 84 poisoned darts (quivered)
 G - a curare-tipped dart
Armour
 c - a +3 plate armour of poison resistance (worn)
 p - a +2 hat of willpower (worn)
 t - a +2 pair of boots (worn)
 z - a +1 cloak (worn)
 E - a +0 kite shield (worn)
 J - the -2 hat of the Alchemist {rElec rPois rF+ rC+ rN+ Will+ rMut rCorr}
   (You found it on level 9 of the Dungeon)

   rF:        It protects you from fire.
   rC:        It protects you from cold.
   rElec:     It insulates you from electricity.
   rPois:     It protects you from poison.
   rN:        It protects you from negative energy.
   rCorr:     It protects you from acid and corrosion.
   rMut:      It protects you from mutation.
   Will:      It increases your willpower.
 O - a +2 pair of gloves (worn)
Jewellery
 d - an amulet of regeneration (around neck)
 i - the ring "Gor Pufo" (right hand) {Fly rN++ MP+9 Int-2 Dex+2}
   (You found it on level 9 of the Dungeon)

   [ring of flight]

   Int:       It affects your intelligence (-2).
   Dex:       It affects your dexterity (+2).
   rN:        It greatly protects you from negative energy.
   MP:        It affects your magic capacity (+9).
   Fly:       It grants you flight.
 m - a +6 ring of strength (left hand)
 u - an amulet of the acrobat
 v - a ring of flight
 y - a +4 ring of evasion
 A - a ring of ice
 D - a ring of resist corrosion
 I - a ring of protection from cold
Wands
 b - a wand of mindburst (14)
 j - a wand of flame (58)
 n - a wand of digging (12)
 F - a wand of polymorph (8)
 L - a wand of charming (5)
Scrolls
 g - 3 scrolls of holy word
 h - 2 scrolls of blinking
 l - 4 scrolls of teleportation
 B - 3 scrolls of fog
 C - 4 scrolls of magic mapping
 K - a scroll of fear
 M - a scroll of identify
 Q - a scroll of enchant armour
Potions
 f - 3 potions of resistance
 k - 6 potions of brilliance
 q - 4 potions of magic
 r - a potion of ambrosia
 s - 6 potions of curing
 w - a potion of haste
 x - 3 potions of flight
 H - a potion of mutation
 N - a potion of heal wounds
 P - a potion of cancellation
 R - a potion of berserk rage


   Skills:
 + Level 10.7 Fighting
 + Level 8.6 Short Blades
 + Level 8.6 Long Blades
 + Level 9.7 Axes
 + Level 8.6 Maces & Flails
 + Level 8.6 Polearms
 + Level 8.6 Staves
 + Level 8.6 Slings
 + Level 8.6 Bows
 + Level 8.6 Crossbows
 + Level 8.6 Throwing
 + Level 9.7 Armour
 + Level 9.0 Dodging
 + Level 8.6 Stealth
 + Level 8.6 Shields
 + Level 8.6 Unarmed Combat
 + Level 8.6 Spellcasting
 + Level 7.1 Conjurations
 + Level 7.1 Hexes
 + Level 7.1 Summonings
 + Level 7.1 Necromancy
 + Level 7.1 Translocations
 + Level 7.1 Transmutations
 + Level 7.1 Fire Magic
 + Level 7.1 Ice Magic
 + Level 7.1 Air Magic
 + Level 7.1 Earth Magic
 + Level 7.1 Poison Magic
 + Level 10.4 Invocations
 + Level 8.6 Evocations


You had 29 spell levels left.
You didn't know any spells.
Your spell library contained the following spells:

 Spells                   Type           Power      Damage    Failure   Level
 Corpse Rot               Necr/Air       N/A        N/A       36%         2
 Ensorcelled Hibernation  Hex/Ice        36%        N/A       36%         2
 Poisonous Vapours        Pois/Air       36%        N/A       36%         2
 Slow                     Hex            18%        N/A       36%         2
 Call Canine Familiar     Summ           18%        N/A       61%         3
 Confusing Touch          Hex            18%        N/A       61%         3
 Portal Projectile        Hex/Tloc       36%        N/A       61%         3
 Spider Form              Tmut/Pois      9%         N/A       61%         3
 Vampiric Draining        Necr           9%         2d7       61%         3
 Leda's Liquefaction      Hex/Erth       9%         N/A       95%         4
 Summon Lightning Spire   Summ/Air       18%        N/A       95%         4
 Blade Hands              Tmut           9%         N/A       100%        5
 Irradiate                Conj/Tmut      9%         3d16      100%        5
 Dragon Form              Tmut           9%         N/A       100%        7
 Storm Form               Tmut/Air       9%         N/A       100%        7
 Maxwell's Capacitive Co  Air            9%         ∞         100%        8


Dungeon Overview and Level Annotations

Branches:
Dungeon (10/15)            Temple (0/1) D:5            Lair (5/6) D:10
  Swamp (0/4) Lair:2        Snake (0/4) Lair:2      Ossuary (visited)
  Slime: Lair:5-6       Orc: D:9-12

Altars:
Cheibriados
Xom
Yredelemnul
Jiyva

Shops:
D:1 !   D:9 [

Annotations:
D:8 2 transporters
Lair:4 Kirke


Innate Abilities, Weirdness & Mutations

You have very sharp teeth.
Your uncanny sense of smell can sniff out nearby items.
Your experience applies equally to all skills.
Your flesh is cold resistant. (rC+)
You are robust. (+10% HP)


Message History

The blast of flame hits you!!
The sphinx hits you but does no damage. x3
Unknown command.
You hit something. You burn something. You bite something. You hit the sphinx.
You burn the sphinx. You block the sphinx's attack. x2
The sphinx hits you but does no damage.
Unknown command.
You slash something! You burn something. You hit the lindwurm.
You burn the lindwurm. You hit the sphinx. You burn the sphinx.
Something hits you. The sphinx hits you but does no damage.
You block the sphinx's attack. The sphinx hits you but does no damage.
The hog closely misses you.
The lindwurm bites you but does no damage.
The lindwurm claws you but does no damage.
The lindwurm barely misses you. Something hits you but does no damage.
You slash something! You burn something. You hit the sphinx.
You burn the sphinx. You closely miss the hog. You hit the lindwurm.
You burn the lindwurm. The hog barely misses you. The sphinx hits you.
You block the sphinx's attack. The sphinx hits you but does no damage.
The lindwurm bites you but does no damage.
You block the lindwurm's attack. The lindwurm barely misses you.
Something hits you! The hog closely misses you. The sphinx hits you.
* * * LOW HITPOINT WARNING * * *
The sphinx closely misses you. The sphinx hits you.
* * * LOW HITPOINT WARNING * * *
You miss something. You barely miss the lindwurm. You hit the hog.
You burn the hog. You hit the sphinx but do no damage.
Kirke appears from thin air!
Reactivating autopickup.
The hog bites you but does no damage. The lindwurm breathes flames at you.
The blast of flame hits you!!
* * * LOW HITPOINT WARNING * * *
The sphinx hits you but does no damage. The sphinx hits you!
* * * LOW HITPOINT WARNING * * *
The sphinx hits you but does no damage. Kirke hits you but does no damage.
The hog bites you but does no damage. You block the lindwurm's attack.
The lindwurm closely misses you. The lindwurm barely misses you.
You block Kirke's attack. The sphinx hits you but does no damage.
The sphinx hits you.
You die...

..#.##.#....#
#.......#.#
...........##
##.....#### ##
...#........# ######.#
#. ..#.#..#.#..## ###
## ...#####.....## ##
..#.# ##.....## ##.
...## ###....## ##.#
..## #..#..######
#####... ...##
###...@k##.#####.##....
....#
##.hH@.............##
....####
#..................#
#......#
###...............##
##.....##
###.##<.###.#####
##..†..# ####..#####
#.....## #...##
##.....## ###.#.#
###...P#### ###P...##


You could see Kirke, a sphinx (summoned), a lindwurm (summoned) and a hog.

Vanquished Creatures
  Fannar (Lair:1)
  Erolcha (D:9)
  2 hydras
  3 two-headed ogres
  3 death yaks (Lair:3)
  A skeletal warrior (D:10)
  An oklob plant (Lair:3)
  A will-o-the-wisp (Lair:1)
  3 elephants (Lair:2)
  An ice statue (D:9)
  4 black mambas
  A torpor snail (Lair:4)
  The ghost of chipmonk the Magician, a novice DjWz (D:5)
  3 rime drakes
  6 cane toads
  Maggie (D:7)
  2 komodo dragons (Lair:1)
  2 freezing wraiths (D:9)
  2 ice devils (Lair:1)
  2 trolls
  4 blink frogs (Lair:3)
  A shadow (D:9)
  4 wyverns
  2 basilisks
  50 yaks
  2 steam dragons (D:8)
  3 hogs (Lair:4)
  Menkaure (Ossuary)
  2 nagas (Lair:2)
  16 water moccasins
  An ice beast (D:8)
  3 orc warriors
  5 black bears
  A necrophage (D:5)
  A sky beast (D:5)
  2 ogres
  19 wolves
  8 centaurs
  A kobold brigand (D:7)
  11 bullfrogs
  A scorpion (D:5)
  A wyvern skeleton (D:6)
  A water moccasin zombie (D:6)
  10 killer bees
  A jelly (D:6)
  2 electric eels
  4 centaur zombies
  2 bullfrog skeletons
  2 gnoll shamans
  2 centaur skeletons
  3 hounds
  5 orc priests
  4 iguanas
  9 orc wizards
  A killer bee zombie (D:7)
  A hound skeleton (D:5)
  3 mummies (Ossuary)
  3 howler monkey zombies
  11 gnolls
  8 adders
  2 shadow imps
  2 ufetubi
  A worm (D:3)
  3 dart slugs
  19 orcs
  6 endoplasms
  2 giant cockroaches (D:2)
  3 gnoll zombies (Ossuary)
  A goblin (D:4)
  4 hobgoblins
  7 quokkas
  7 ball pythons
  6 bats
  4 frilled lizards
  5 gnoll skeletons (Ossuary)
  2 goblin skeletons (Ossuary)
  7 goblin zombies (Ossuary)
  3 hobgoblin skeletons (Ossuary)
  2 hobgoblin zombies (Ossuary)
  12 kobolds
  4 kobold skeletons (Ossuary)
  5 kobold zombies (Ossuary)
  6 orc skeletons (Ossuary)
  4 orc zombies (Ossuary)
  2 rats
  5 rat skeletons (Ossuary)
  4 rat zombies (Ossuary)
  A spectral kobold (D:1)
381 creatures vanquished.

Vanquished Creatures (others)
  18 foxfires
  14 fungi
  29 plants
61 creatures vanquished.

Grand Total: 442 creatures vanquished

Notes
Turn   | Place    | Note
-------+----------+-------------------------------------------
     0 | Abyss:1  | Gargoyl the Gnoll Abyssal Knight began the quest for the
                  | Orb.
     0 | Abyss:1  | Reached XP level 1. HP: 23/23 MP: 3/3
     5 | Abyss:1  | Found a corrupted altar of Lugonu.
    38 | Abyss:1  | Noticed a spatial vortex
    39 | Abyss:1  | Noticed a spatial maelstrom
    63 | Abyss:2  | Identified a scroll of acquirement
    63 | Abyss:2  | Acquired a +3 plate armour of poison resistance
    93 | Abyss:2  | Noticed a smoke demon
    95 | D:1      | Escaped the Abyss
   271 | D:1      | Found Xueschij's Distillery.
   416 | D:1      | Reached * piety under Lugonu
   584 | D:1      | Reached XP level 2. HP: 29/29 MP: 5/5
   779 | D:1      | Found a faded altar of an unknown god.
  1323 | D:2      | Reached XP level 3. HP: 27/35 MP: 6/6
  1693 | D:2      | Reached skill level 1 in Short Blades
  1693 | D:2      | Reached skill level 1 in Long Blades
  1693 | D:2      | Reached skill level 1 in Maces & Flails
  1693 | D:2      | Reached skill level 1 in Polearms
  1693 | D:2      | Reached skill level 1 in Staves
  1693 | D:2      | Reached skill level 1 in Slings
  1693 | D:2      | Reached skill level 1 in Bows
  1693 | D:2      | Reached skill level 1 in Crossbows
  1693 | D:2      | Reached skill level 1 in Throwing
  1693 | D:2      | Reached skill level 1 in Stealth
  1693 | D:2      | Reached skill level 1 in Shields
  1693 | D:2      | Reached skill level 1 in Unarmed Combat
  1693 | D:2      | Reached skill level 1 in Spellcasting
  1693 | D:2      | Reached skill level 1 in Evocations
  2064 | D:3      | Reached XP level 4. HP: 41/41 MP: 7/7
  2149 | D:3      | Reached ** piety under Lugonu
  2167 | D:3      | Found a basalt altar of Yredelemnul.
  2293 | D:1      | Bought a potion of heal wounds for 70 gold pieces
  2388 | D:4      | Reached skill level 1 in Conjurations
  2388 | D:4      | Reached skill level 1 in Hexes
  2388 | D:4      | Reached skill level 1 in Summonings
  2388 | D:4      | Reached skill level 1 in Necromancy
  2388 | D:4      | Reached skill level 1 in Translocations
  2388 | D:4      | Reached skill level 1 in Transmutations
  2388 | D:4      | Reached skill level 1 in Fire Magic
  2388 | D:4      | Reached skill level 1 in Ice Magic
  2388 | D:4      | Reached skill level 1 in Air Magic
  2388 | D:4      | Reached skill level 1 in Earth Magic
  2388 | D:4      | Reached skill level 1 in Poison Magic
  2407 | D:4      | Reached XP level 5. HP: 44/47 MP: 8/8
  2522 | D:4      | Noticed a black bear
  2994 | D:3      | Killed a black bear
  2995 | D:3      | Reached skill level 5 in Invocations
  2995 | D:3      | Reached XP level 6. HP: 25/53 MP: 7/9
  3366 | D:5      | Entered Level 5 of the Dungeon
  3366 | D:5      | Noticed a black bear
  3377 | D:5      | Killed a black bear
  3378 | D:5      | Reached skill level 5 in Axes
  3378 | D:5      | Reached skill level 5 in Armour
  3638 | D:4      | Reached XP level 7. HP: 58/59 MP: 10/10
  3800 | D:5      | Gained mutation: Your flesh is cold resistant. (rC+)
                  | [potion of mutation]
  3800 | D:5      | Gained mutation: You are robust. (+10% HP) [potion of
                  | mutation]
  4023 | D:5      | Reached XP level 8. HP: 53/73 MP: 12/12
  4181 | D:5      | Found a staircase to the Ecumenical Temple.
  4220 | D:5      | Found a transporter.
  4238 | D:5      | Found a transporter.
  4239 | D:5      | Noticed chipmonk's ghost (novice DjWz)
  4257 | D:5      | Reached *** piety under Lugonu
  4258 | D:5      | Killed chipmonk's ghost
  4516 | D:6      | Reached XP level 9. HP: 61/79 MP: 14/14
  5208 | D:7      | Acquired a +1 hat of willpower
  5262 | D:7      | Reached skill level 5 in Dodging
  5470 | D:7      | Noticed Maggie
  5509 | D:7      | Killed Maggie
  5625 | D:7      | Found a sand-covered staircase.
  5635 | Ossuary  | Entered an ossuary
  5646 | Ossuary  | Reached **** piety under Lugonu
  6171 | Ossuary  | Noticed Menkaure
  6183 | Ossuary  | Killed Menkaure
  7103 | D:7      | Reached XP level 10. HP: 88/88 MP: 17/17
  7233 | D:8      | Noticed a two-headed ogre
  7269 | D:8      | Reached ***** piety under Lugonu
  7382 | D:8      | Found a transporter.
  7382 | D:8      | Found a transporter.
  7394 | D:8      | Found a viscous altar of Jiyva.
  7427 | D:8      | Reached skill level 5 in Short Blades
  7427 | D:8      | Reached skill level 5 in Long Blades
  7427 | D:8      | Reached skill level 5 in Maces & Flails
  7427 | D:8      | Reached skill level 5 in Polearms
  7427 | D:8      | Reached skill level 5 in Staves
  7427 | D:8      | Reached skill level 5 in Slings
  7427 | D:8      | Reached skill level 5 in Bows
  7427 | D:8      | Reached skill level 5 in Crossbows
  7427 | D:8      | Reached skill level 5 in Throwing
  7427 | D:8      | Reached skill level 5 in Stealth
  7427 | D:8      | Reached skill level 5 in Shields
  7427 | D:8      | Reached skill level 5 in Unarmed Combat
  7427 | D:8      | Reached skill level 5 in Spellcasting
  7427 | D:8      | Reached skill level 5 in Evocations
  7545 | D:7      | Killed a two-headed ogre
  8118 | D:9      | Noticed a two-headed ogre
  8518 | D:9      | Noticed Erolcha
  8537 | D:9      | Killed Erolcha
  8538 | D:9      | Reached XP level 11. HP: 76/95 MP: 19/19
  8585 | D:9      | Killed a two-headed ogre
  8715 | D:9      | Found Cheibriados's Comfort Zone.
  8715 | D:9      | Found a snail-covered altar of Cheibriados.
  8743 | D:9      | Reached skill level 5 in Conjurations
  8743 | D:9      | Reached skill level 5 in Hexes
  8743 | D:9      | Reached skill level 5 in Summonings
  8743 | D:9      | Reached skill level 5 in Necromancy
  8743 | D:9      | Reached skill level 5 in Translocations
  8743 | D:9      | Reached skill level 5 in Transmutations
  8743 | D:9      | Reached skill level 5 in Fire Magic
  8743 | D:9      | Reached skill level 5 in Ice Magic
  8743 | D:9      | Reached skill level 5 in Air Magic
  8743 | D:9      | Reached skill level 5 in Earth Magic
  8743 | D:9      | Reached skill level 5 in Poison Magic
  8834 | D:9      | Noticed a two-headed ogre
  8861 | D:9      | Killed a two-headed ogre
  9502 | D:9      | Found the -2 hat of the Alchemist {rElec rPois rF+ rC+ rN+
                  | Will+ rMut rCorr}
  9512 | D:9      | Identified the +4 quick blade of the Fray {vorpal, Int+2}
  9521 | D:9      | Identified the ring "Gor Pufo" {Fly rN++ MP+9 Int-2 Dex+2}
  9617 | D:10     | Entered Level 10 of the Dungeon
  9626 | D:10     | Noticed a skeletal warrior
  9627 | D:10     | Noticed a death knight
  9640 | D:10     | Noticed a skeletal warrior
  9877 | D:9      | Banished a death knight
 10041 | D:10     | Found a staircase to the Lair.
 10126 | D:9      | Banished a skeletal warrior
 10340 | D:10     | Killed a skeletal warrior
 10341 | D:10     | Reached XP level 12. HP: 62/105 MP: 22/22
 10514 | Lair:1   | Entered Level 1 of the Lair of Beasts
 10618 | Lair:1   | Noticed a four-headed hydra
 10628 | Lair:1   | Killed a one-headed hydra
 10787 | Lair:1   | Noticed Fannar
 10823 | Lair:1   | Killed Fannar
 11037 | Lair:1   | Found a frozen archway.
 11740 | Lair:2   | Reached skill level 10 in Fighting
 12185 | Lair:2   | Found a staircase to the Snake Pit.
 12186 | Lair:2   | Noticed a four-headed hydra
 12200 | Lair:2   | Killed a one-headed hydra
 12282 | Lair:2   | Reached XP level 13. HP: 103/113 MP: 24/24
 12305 | Lair:2   | Found a staircase to the Swamp.
 12806 | Lair:3   | Found a shimmering altar of Xom.
 12981 | Lair:3   | You are sucked into a shaft and drop 2 floors!
 12983 | Lair:5   | Noticed Kirke
 13037 | Lair:4   | Reached skill level 10 in Invocations
 14778 | Lair:4   | Noticed a sphinx
 14810 | Lair:4   | HP: 2/114 [sphinx[Kirke] (7)]
 14810 | Lair:4   | Slain by a sphinx

Illustrated notes

Levels and vault maps discovered:
D:1:      psy_arrival_basics, layout_basic, serial_shops,
          nicolae_lakefront_shop, dreamdust_ecumenical_altar_drowned_temple
D:2:      layout_loops_ring
D:3:      layout_loops_ring, mainiacjoe_overflow_tiny_flanked
D:4:      layout_cave_pools
D:5:      layout_basic, minmay_temple_entry_mist, gammafunk_ghost_mausoleum
D:6:      layout_gridville, kennysheep_opposing_triangles
D:7:      layout_basic, lightli_ossuary_entry_decrepit_ruins, minivault_11,
          uniq_maggie
D:8:      gammafunk_jiyva_shrine, layout_rooms, minivault_24
D:9:      lemuel_ice_statue, layout_cave_pools, nicolae_water_bricks,
          minmay_shop_chei, minmay_increasing_density, uniq_erolcha
D:10:     layout_cross, lair_entry_dummy
Lair:1:   layout_regular_city, portal_ice_cave_demonic_guard, st_stairs_5,
          lemuel_fruit_tree, uniq_fannar
Lair:2:   layout_chaotic_city, minmay_swamp_entry_wisps,
          guppyfry_snake_entry_island, beast_lair_carwin_4,
          infiniplex_staircase_pool
Lair:3:   layout_loops_ring, basic_altar, minmay_lair_oklob_items,
          serial_bayou_pond_b
Lair:4:   layout_concentric_octagons, chequers_serial_rivers_micro_a,
          st_stairs_11
Lair:5:   layout_regular_city, uniq_kirke

Skill      XL: |  1  2  3  4  5  6  7  8  9 10 11 12 13 |
---------------+----------------------------------------+-----
Short Blades   | 1 2 3 4 5 6 7 8 |  8.6
Long Blades    | 1 2 3 4 5 6 7 8 |  8.6
Maces & Flails | 1 2 3 4 5 6 7 8 |  8.6
Polearms       | 1 2 3 4 5 6 7 8 |  8.6
Staves         | 1 2 3 4 5 6 7 8 |  8.6
Slings         | 1 2 3 4 5 6 7 8 |  8.6
Bows           | 1 2 3 4 5 6 7 8 |  8.6
Crossbows      | 1 2 3 4 5 6 7 8 |  8.6
Throwing       | 1 2 3 4 5 6 7 8 |  8.6
Stealth        | 1 2 3 4 5 6 7 8 |  8.6
Shields        | 1 2 3 4 5 6 7 8 |  8.6
Unarmed Combat | 1 2 3 4 5 6 7 8 |  8.6
Spellcasting   | 1 2 3 4 5 6 7 8 |  8.6
Evocations     | 1 2 3 4 5 6 7 8 |  8.6
Conjurations   | 1 2 3 4 5 6 7 |  7.1
Hexes          | 1 2 3 4 5 6 7 |  7.1
Summonings     | 1 2 3 4 5 6 7 |  7.1
Necromancy     | 1 2 3 4 5 6 7 |  7.1
Translocations | 1 2 3 4 5 6 7 |  7.1
Transmutations | 1 2 3 4 5 6 7 |  7.1
Fire Magic     | 1 2 3 4 5 6 7 |  7.1
Ice Magic      | 1 2 3 4 5 6 7 |  7.1
Air Magic      | 1 2 3 4 5 6 7 |  7.1
Earth Magic    | 1 2 3 4 5 6 7 |  7.1
Poison Magic   | 1 2 3 4 5 6 7 |  7.1
Dodging        | 3 4 5 6 7 8 9 |  9.0
Invocations    | 5 6 7 8 9 10 | 10.4
Axes           | 5 6 7 8 9 |  9.7
Armour         | 5 6 7 8 9 |  9.7
Fighting       | 7 8 9 10 | 10.7

Action                   |  1- 3 |  4- 6 |  7- 9 | 10-12 | 13-15 || total
-------------------------+-------+-------+-------+-------+-------++-------
Melee: Hand axe          |   118 |    70 |   185 |   856 |   505 ||  1734
       Bite              |     5 |    14 |    78 |   137 |    98 ||   332
       Dagger            |       |    68 |   345 |    16 |       ||   429
       Punch             |       |       |     8 |    10 |       ||    18
       Unarmed           |       |       |       |       |     2 ||     2
Throw: Dart              |       |    17 |     8 |    32 |    15 ||    72
Invok: Depart the Abyss  |     1 |       |       |       |       ||     1
       Bend Space        |       |     1 |     1 |     4 |       ||     6
       Banish            |       |       |       |    14 |       ||    14
Evoke: Wand              |       |       |       |     7 |       ||     7
  Use: Scroll            |     4 |     2 |    15 |    13 |     2 ||    36
       Potion            |     1 |       |     2 |     8 |       ||    11
 Stab: Invisible         |       |       |       |     4 |       ||     4
Armor: Plate armour      |   115 |   135 |   315 |   667 |   304 ||  1536
       Skin              |       |       |    11 |       |       ||    11
Dodge: Dodged            |    18 |    40 |   266 |   396 |   211 ||   931
Block: Kite shield       |       |       |       |   323 |   294 ||   617

Table legend: (Time is in decaauts)
 A = Elapsed time spent in this place.
 B = Non-inter-level travel time spent in this place.
 C = Inter-level travel time spent in this place.
 D = Time resting spent in this place.
 E = Time spent auto-exploring this place.
 F = Levels seen in this place.
 G = Mean time per level.
                   A        B        C        D        E       F      G
               +--------+--------+--------+--------+--------+-----+--------+
         Total |  14777 |  14087 |    690 |   1214 |   8260 |  18 |  820.9 |
       Dungeon |   9737 |   9232 |    505 |    777 |   5645 |  10 |  973.7 |
          Lair |   4293 |   4109 |    184 |    168 |   2473 |   5 |  858.6 |
         Abyss |     94 |     94 |      0 |      0 |     59 |   2 |   47.0 |
       Ossuary |    652 |    652 |      0 |    269 |     83 |   1 |  652.0 |
               +--------+--------+--------+--------+--------+-----+--------+

Top non-repeatable levels by time:
     D:9: 1721 daAuts
     D:7: 1539 daAuts
  Lair:3: 1176 daAuts
     D:1: 1169 daAuts
  Lair:1: 1115 daAuts
  Lair:2: 1052 daAuts
     D:5: 997 daAuts
  Lair:4: 939 daAuts
     D:2: 894 daAuts
     D:8: 786 daAuts
     D:6: 765 daAuts
     D:3: 701 daAuts
 Ossuary: 652 daAuts
    D:10: 604 daAuts
     D:4: 558 daAuts
